 Dungeon Crawl Stone Soup version 0.28-a0-1524-ge72afd5fc6 (webtiles) character file.

Game seed: 12824730012577974825

121 Orangeyouglad the Grave Robber (level 4, -3/27 HPs)
             Began as a Vampire Necromancer on Jan 17, 2022.
             Slain by a centaur (4 damage)
             ... on level 4 of the Dungeon.
             The game lasted 00:08:05 (3826 turns).

Orangeyouglad the Grave Robber (VpNe)               Turns: 3826, Time: 00:08:06

Health: -3/27      AC:  2    Str:  9    XL:     4   Next: 76%
Magic:  0/8        EV: 13    Int: 17    God:
Gold:   259        SH:  0    Dex: 14    Spells: 3/8 levels left

rFire   . . .      SeeInvis +   b - +0 short sword
rCold   . . .      Faith    .   (no shield)
rNeg    . . .      Spirit   .   a - +0 robe
rPois   .          Reflect  .   (no helmet)
rElec   .          Harm     .   (no cloak)
rCorr   .          Rampage  .   (no gloves)
Will    .....                   (no boots)
Stlth   +++.......              (no amulet)
HPRegen 0.29/turn               (no ring)
MPRegen 0.11/turn               (no ring)

@: healing quickly
A: alive, fangs 3, see invisible, vampiric 2, [frail 1]
a: Exsanguinate


You were on level 4 of the Dungeon.
You visited 1 branch of the dungeon, and saw 4 of its levels.

You collected 259 gold pieces.

Inventory:

Hand Weapons
 b - a +0 short sword (weapon)
Armour
 a - a +0 robe (worn)
Magical Staves
 o - a staff of air
Jewellery
 j - a ring of wizardry
Wands
 n - a wand of flame (20)
Scrolls
 e - a scroll of enchant weapon {unknown}
 f - a scroll of immolation {unknown}
 g - 3 scrolls of identify {unknown}
 k - a scroll of amnesia {unknown}
 m - 2 scrolls of teleportation {unknown}
 p - a scroll of blinking {unknown}
Potions
 c - a potion of flight {unknown}
 d - a potion of brilliance {unknown}
 h - a potion of berserk rage {unknown}
 i - 3 potions of curing {unknown}
 l - a potion of magic {unknown}


   Skills:
 + Level 0.7 Fighting
 + Level 3.2 Dodging
 + Level 4.5 Stealth
 + Level 2.8 Spellcasting
 + Level 5.0 Necromancy


You had 3 spell levels left.
You knew the following spells:

 Your Spells              Type           Power      Damage    Failure   Level
a - Pain                  Necr           76%        1d7       2%          1
b - Animate Skeleton      Necr           38%        N/A       2%          1
c - Vampiric Draining     Necr           19%        2d7       7%          3

Your spell library contained the following spells:

 Spells                   Type           Power      Damage    Failure   Level
 Sandblast                Erth           4%         2d4       19%         1
 Passwall                 Tmut/Erth      1%         N/A       26%         2
 Stone Arrow              Conj/Erth      4%         3d7       47%         3
 Animate Dead             Necr           9%         N/A       22%         4
 Agony                    Necr           19%        N/A       52%         5


Dungeon Overview and Level Annotations

Branches:
Dungeon (4/15)
 Temple: D:4-7

Altars:
Dithmenos
Zin

Shops:
D:3 [


Innate Abilities, Weirdness & Mutations

Your natural rate of healing is accelerated.
You have razor-sharp teeth.
You have supernaturally acute eyesight. (SInv)
You are afflicted with vampirism and can become a bat while bloodless.
[You are frail. (-10% HP)]


Message History

Okay, then.
Aiming: Pain (safe; 2% risk of failure)
Press: ? - help, Q - select action, (/) - cycle Shift-Dir - straight line, f/p - centaur
Aim: a centaur, quivering arrows (moderately wounded, chance to affect: 78%)
The centaur writhes in agony!
The centaur barely misses you.
The centaur kicks you but does no damage.
The centaur closely misses you. x2
Aiming: Pain (safe; 2% risk of failure)
Press: ? - help, Q - select action, (/) - cycle Shift-Dir - straight line, f/p - centaur
Aim: a centaur, quivering arrows (severely wounded, chance to affect: 78%)
Okay, then.
Casting: Pain (safe; 2% risk of failure)
Confirm with . or Enter, or press ? or * to list all spells.
The spell is quite dangerous to miscast (7% risk of failure)!
Continue anyway?
Aiming: Vampiric Draining (quite dangerous; 7% risk of failure)
Press: ? - help, Shift-Dir - straight line, f/p - centaur
Aim: a centaur, quivering arrows (severely wounded)
You draw life force from the centaur.
You feel life coursing into your body. The centaur hits you.
The centaur closely misses you.
You hit the centaur.
The centaur is almost dead.
The centaur hits you.
* * * LOW HITPOINT WARNING * * *
The centaur barely misses you. The centaur hits you.
* * * LOW HITPOINT WARNING * * *
The centaur kicks you.
* * * LOW HITPOINT WARNING * * *
Aiming: Pain (safe; 2% risk of failure)
Press: ? - help, Q - select action, (/) - cycle Shift-Dir - straight line, f/p - centaur
Aim: a centaur, quivering arrows (almost dead, chance to affect: 78%)
Okay, then.
Okay, then.
Aiming: Pain (safe; 2% risk of failure)
Press: ? - help, Q - select action, (/) - cycle Shift-Dir - straight line, f/p - centaur
Aim: a centaur, quivering arrows (almost dead, chance to affect: 78%)
The centaur writhes in agony.
The centaur barely misses you. The centaur closely misses you.
The centaur hits you.
You die...

........##..........)(##
...##...........########
#.#.######### .. ..
#.#)# .## ...##.#.# #
........# ........#
#.###.#.# #.#@# #.#c# #
#S# ..# #.# ... ... ...


You could see a centaur and a ball python.

Vanquished Creatures
  2 adders
  4 gnolls
  An adder skeleton (D:2)
  A worm (D:3)
  5 bats
  4 endoplasms
  7 giant cockroaches
  6 goblins
  7 hobgoblins
  2 jackals (D:1)
  3 quokkas (D:1)
  5 ball pythons
  2 frilled lizards
  2 kobolds
  3 rats
54 creatures vanquished.

Vanquished Creatures (collateral kills)
  A jackal (D:1)
1 creature vanquished.

Grand Total: 55 creatures vanquished

Notes
Turn   | Place    | Note
-------+----------+-------------------------------------------
     0 | D:1      | Orangeyouglad the Vampire Necromancer began the quest for
                  | the Orb.
     0 | D:1      | Reached XP level 1. HP: 13/13 MP: 3/3
   151 | D:1      | Learned a level 1 spell: Animate Skeleton
   259 | D:1      | Reached XP level 2. HP: 19/19 MP: 3/5
   903 | D:2      | Gained mutation: You are afflicted with vampirism and can
                  | become a bat while bloodless. [Vampire growth]
   903 | D:2      | Reached XP level 3. HP: 18/19 MP: 4/6
   943 | D:2      | Learned a level 3 spell: Vampiric Draining
  2300 | D:2      | Found a faded altar of an unknown god.
  2398 | D:2      | Reached XP level 4. HP: 14/24 MP: 0/8
  2937 | D:3      | Found Jeudeos's Armour Shop.
  3062 | D:3      | Reached skill level 5 in Necromancy
  3458 | D:3      | Found a shadowy altar of Dithmenos.
  3791 | D:4      | Noticed a centaur
  3826 | D:4      | Slain by a centaur

Illustrated notes

Levels and vault maps discovered:
D:1:      minmay_arrival_widening_spiral_wide, layout_rooms
D:2:      layout_basic, basic_ecumenical_altar
D:3:      layout_basic, marbit_many_paths, serial_shops, shop,
          minmay_fountain_box, nicolae_underground_beach
D:4:      layout_loops_ring, zin_statuary, minmay_temple_entry_poolview,
          lemuel_old_faithful

Skill      XL: |  1  2  3  4 |
---------------+-------------+-----
Stealth        | 4 |  4.5
Dodging        | 3 |  3.2
Necromancy     | 5 |  5.0
Fighting       | |  0.7
Spellcasting   | |  2.8

Action                   |  1- 3 |  4- 6 || total
-------------------------+-------+-------++-------
Melee: Short sword       |    33 |    32 ||    65
       Bite              |     1 |     2 ||     3
       Punch             |       |     1 ||     1
 Cast: Pain              |    40 |    24 ||    64
       Animate Skeleton  |     3 |    10 ||    13
       Vampiric Draining |     3 |     4 ||     7
 Abil: Exsanguinate      |     1 |       ||     1
       Revivify          |       |     1 ||     1
 Stab: Sleeping          |     9 |     6 ||    15
       Distracted        |     2 |       ||     2
Armor: Robe              |    11 |     9 ||    20
Dodge: Dodged            |    49 |    33 ||    82

Table legend: (Time is in decaauts)
 A = Elapsed time spent in this place.
 B = Non-inter-level travel time spent in this place.
 C = Inter-level travel time spent in this place.
 D = Time resting spent in this place.
 E = Time spent auto-exploring this place.
 F = Levels seen in this place.
 G = Mean time per level.
                   A        B        C        D        E       F      G
               +--------+--------+--------+--------+--------+-----+--------+
         Total |   3833 |   3726 |    107 |   1125 |   1800 |   4 |  958.2 |
       Dungeon |   3833 |   3726 |    107 |   1125 |   1800 |   4 |  958.2 |
               +--------+--------+--------+--------+--------+-----+--------+

Top non-repeatable levels by time:
     D:2: 1614 daAuts
     D:1: 1156 daAuts
     D:3: 822 daAuts
     D:4: 240 daAuts
